 Dungeon Crawl Stone Soup version 0.29.1-13-g9f3cf754e1 (webtiles) character file.

Game seed: 2480412155601252201

3 Chiseanne the Sneak (level 1, 0/14 HPs)
             Began as a Demonspawn Wanderer on Jan 30, 2023.
             Slain by a quokka (4 damage)
             ... on level 1 of the Dungeon.
             The game lasted 00:00:15 (172 turns).

Chiseanne the Sneak (Demonspawn Wanderer)            Turns: 172, Time: 00:00:16

Health: 0/14       AC:  2    Str:  8    XL:     1   Next: 41%
Magic:  1/1        EV: 12    Int: 12    God:
Gold:   14         SH:  0    Dex: 17    Spells: 0/0 levels left

rFire   . . .      SeeInvis .   a - +2 dagger
rCold   . . .      Faith    .   (no shield)
rNeg    . . .      Spirit   .   g - +0 robe
rPois   .          Reflect  .   (no helmet)
rElec   .          Harm     .   (no cloak)
rCorr   .          Rampage  .   (no gloves)
Will    .....                   (no boots)
Stlth   ++........              (no amulet)
HPRegen 0.04/turn               (no ring)
MPRegen 0.07/turn               (no ring)

@: no status effects
A: no striking features
a: no special abilities


You were on level 1 of the Dungeon.
You visited 1 branch of the dungeon, and saw 1 of its levels.

You collected 14 gold pieces.

Inventory:

Hand Weapons
 a - a +2 dagger (weapon)
 c - a +0 spear
 e - a +0 dagger
Missiles
 d - 11 poisoned darts (quivered)
 h - 8 stones
Armour
 g - a +0 robe (worn)
Potions
 b - a potion of invisibility
 f - a potion of berserk rage


   Skills:
 * Level 0.5 Fighting
 - Level 1.0 Polearms
 - Level 2.6 Throwing
 - Level 1.7 Armour
 * Level 1.2 Dodging
 - Level 2.6 Stealth


You couldn't memorise any spells.
You didn't know any spells.
Your spell library was empty.

Dungeon Overview and Level Annotations

Branches:
Dungeon (1/15)

Altars:


Message History

No target in view!
No target in view!
No target in view!
No target in view!
No target in view!
No target in view!
No target in view!
A dart slug comes into view.
A dart slug is nearby!
A frilled lizard comes into view.
The frilled lizard hisses angrily.
A quokka comes into view.
You hit the frilled lizard but do no damage.
The frilled lizard bites you but does no damage.
You closely miss the frilled lizard. The frilled lizard closely misses you.
You barely miss the frilled lizard. The frilled lizard bites you.
You closely miss the frilled lizard. The quokka bites you.
The frilled lizard barely misses you.
You miss the frilled lizard. The quokka closely misses you.
The frilled lizard closely misses you.
You hit the dart slug.
The dart slug is moderately wounded.
The quokka closely misses you. The dart slug barely misses you.
The frilled lizard barely misses you.
You hit the dart slug.
The dart slug is heavily wounded.
The quokka barely misses you. The quokka misses you.
The frilled lizard closely misses you. The dart slug bites you.
You are too injured to fight recklessly!
You are too injured to fight recklessly!
You are too injured to fight recklessly!
You are too injured to fight recklessly!
You are too injured to fight recklessly!
You are too injured to fight recklessly!
You are too injured to fight recklessly!
You are too injured to fight recklessly!
The quokka attacks as you move away! The quokka bites you.
* * * LOW HITPOINT WARNING * * *
The quokka attacks as you move away! The quokka bites you.
You die...

......#..........##.##.#
................ #.##.#
....#.#..........##.##..
....................####
...........>.######..# #
.#......#..#.######..# #
......w......#...##..#
#lr..#..+.<.'...#
##@....##...#...###
#....#.######....##
#.##.#.........#... #.
#........#.....#
#....##...#........#
#....###..#.##.....#
#...........##......
#....###..####......
#.... #..†..##......


You could see a dart slug, a quokka and a frilled lizard.

Vanquished Creatures
  An endoplasm (D:1)
  A hobgoblin (D:1)
  A frilled lizard (D:1)
3 creatures vanquished.

Notes
Turn   | Place    | Note
-------+----------+-------------------------------------------
     0 | D:1      | Chiseanne the Demonspawn Wanderer began the quest for the
                  | Orb.
     0 | D:1      | Chiseanne set off with the following items: a +2 dagger, a
                  | potion of invisibility, a +0 spear, 11 poisoned darts, a +0
                  | dagger, a potion of berserk rage, a +0 robe.
     0 | D:1      | Reached XP level 1. HP: 13/13 MP: 1/1
   172 | D:1      | Slain by a quokka

Illustrated notes

Levels and vault maps discovered:
D:1:      dpeg_arrival_tiny_h, layout_rooms, basic_ecumenical_altar

Action                   || total
-------------------------++-------
Melee: Dagger            ||    15
 Stab: Sleeping          ||     1
Armor: Robe              ||     2
Dodge: Dodged            ||    13
